 Dungeon Crawl Stone Soup version 0.26.1-11-gd32895ea62 (webtiles) character file.

Game seed: 5609120380315839212

55406 KamiKatze the Thaumaturge (level 14, 0/99 HPs)
             Began as a Merfolk Conjurer on Mar 16, 2021.
             Was a High Priest of Vehumet.
             Slain by Jorgrun
             ... wielding a +0 vorpal quarterstaff
              (17 damage)
             ... on level 13 of the Dungeon on Apr 24, 2021.
             The game lasted 03:10:54 (30141 turns).

KamiKatze the Thaumaturge (Merfolk Conjurer)       Turns: 30141, Time: 03:10:55

Health: 0/99       AC:  7    Str: 10    XL:     14   Next: 77%
Magic:  4/29       EV: 12    Int: 25    God:    Vehumet [*****.]
Gold:   958        SH:  5    Dex: 13    Spells: 9/36 levels left

rFire    . . .     SeeInvis .   a - +2 short sword (venom)
rCold    . . .     Faith    .   r - +0 buckler
rNeg     . . .     Spirit   .   I - +1 robe {Will+}
rPois    +         Reflect  .   k - +1 helmet "Destrew" {Str+3}
rElec    .         Harm     .   w - scarf {repulsion}
rCorr    .         Rampage  .   l - +0 pair of gloves
Will     ++++.                  E - +0 pair of boots
Stlth    ++........             Y - amulet of magic regeneration
HPRegen  0.26/turn              K - ring of the Mage {Wiz Will++ Int+3}
MPRegen  0.46/turn              V - ring of poison resistance

@: grasped by roots, constricted, repel missiles
A: change form in water, swift swim, stealthy swim
a: Renounce Religion


You were on level 13 of the Dungeon.
You worshipped Vehumet.
Vehumet was extremely pleased with you.
You visited 4 branches of the dungeon, and saw 22 of its levels.
You also visited: Sewer, Ossuary and Ice Cave.

You collected 1849 gold pieces.
You spent 891 gold pieces at shops.

Inventory:

Hand Weapons
 a - a +2 short sword of venom (weapon)
 o - a +1 spear of freezing
 q - the +4 falchion "Sahuzipra" {vorpal, rElec Str+4 Dex+4}
   (You found it on level 4 of the Lair of Beasts)

   It inflicts extra damage upon your enemies.
   It affects your strength (+4).
   It affects your dexterity (+4).
   It insulates you from electricity.
Missiles
 c - 8 curare-tipped darts
 d - 12 poisoned darts (quivered)
 B - 8 atropa-tipped darts
Armour
 g - a +3 ring mail of fire resistance
 k - the +1 helmet "Destrew" (worn) {Str+3}
   (You took it off Robin on level 2 of the Dungeon)

   It affects your strength (+3).
 l - a +0 pair of gloves (worn)
 r - a +0 buckler (worn)
 w - a scarf of repulsion (worn)
 y - a +2 robe
 E - a +0 pair of boots (worn)
 G - a +2 leather armour of poison resistance
 I - a +1 robe of willpower (worn)
 L - a +0 cloak
Magical Staves
 Z - an uncursed staff of conjuration
Jewellery
 K - the ring of the Mage (left hand) {Wiz Will++ Int+3}
   (You bought it in a shop on level 4 of the Dungeon)

   [ring of wizardry]

   It improves your spell success rate.
   It affects your intelligence (+3).
   It affects your willpower, your defense against some magical effects.
 M - an uncursed ring of protection from cold
 P - an uncursed ring of resist corrosion
 S - a +4 ring of evasion
 T - the ring of the Foremost Moons {*Corrode Will+ Str+6 Dex+9}
   (You found it on level 4 of the Lair of Beasts)

   [ring of strength]

   It affects your strength (+6).
   It affects your dexterity (+9).
   It affects your willpower, your defense against some magical effects.
   It may corrode you when you take damage.
 V - a ring of poison resistance (right hand)
 X - the amulet of Erycaifame {Reflect +Fly rF+++ Dex-4 SH+5}
   (You took it off a kobold on level 11 of the Dungeon)

   [amulet of reflection]

   It shields you and reflects attacks.
   It affects your dexterity (-4).
   It renders you almost immune to fire.
   It lets you fly.
   It affects your SH (+5).
 Y - an amulet of magic regeneration (around neck)
Wands
 e - a wand of iceblast (11)
 v - a wand of flame (43)
 F - a wand of acid (7)
 U - a wand of paralysis (10)
Scrolls
 i - 3 scrolls of fog
 n - 4 scrolls of fear
 x - 6 scrolls of teleportation
 A - 9 scrolls of remove curse
 D - 7 scrolls of magic mapping
 H - a scroll of enchant weapon
 N - 4 scrolls of blinking
 R - 7 scrolls of identify
Potions
 b - 3 potions of haste
 f - 7 potions of curing
 h - 4 potions of heal wounds
 j - 5 potions of lignification
 m - 7 potions of brilliance
 p - 4 potions of resistance
 s - 3 potions of cancellation
 u - 3 potions of flight
 z - a potion of attraction
 C - 7 potions of might
 O - 11 potions of ambrosia
 Q - 3 potions of magic
Miscellaneous
 t - a box of beasts
 J - a phial of floods
 W - a lightning rod (4/4)


   Skills:
 + Level 5.8 Fighting
 + Level 5.5 Dodging
 - Level 4.0 Stealth
 - Level 4.0 Shields
 * Level 11.7 Spellcasting
 * Level 9.7 Conjurations
 - Level 10.0 Hexes
 - Level 6.0 Summonings
 - Level 8.0 Translocations
 - Level 2.0 Fire Magic
 + Level 10.2 Ice Magic


You had 9 spell levels left.
You knew the following spells:

 Your Spells              Type           Power        Failure   Level
a - Magic Dart            Conj           100%         1%          1
b - Searing Ray           Conj           100%         1%          2
c - Fulminant Prism       Conj/Hex       29%          1%          4
d - Iskenderun's Mystic   Conj/Tloc      56%          1%          4
e - Gell's Gravitas       Tloc           26%          1%          3
f - Foxfire               Conj/Fire      100%         1%          1
g - Frozen Ramparts       Ice            100%         1%          3
h - Summon Ice Beast      Ice/Summ       53%          1%          4
i - Fireball              Conj/Fire      22%          1%          5

Your spell library contained the following spells:

 Spells                   Type           Power        Failure   Level
 Starburst                Conj/Fire      22%          7%          6
 Animate Skeleton         Necr           28%          1%          1
 Apportation              Tloc           100%         1%          1
 Corona                   Hex            65%          1%          1
 Freeze                   Ice            100%         1%          1
 Summon Small Mammal      Summ           100%         1%          1
 Blink                    Tloc           N/A          1%          2
 Call Imp                 Summ           44%          1%          2
 Slow                     Hex            59%          1%          2
 Call Canine Familiar     Summ           44%          1%          3
 Confusing Touch          Hex            59%          1%          3
 Conjure Flame            Conj/Fire      44%          1%          3
 Dazzling Flash           Conj/Hex       100%         1%          3
 Ignite Poison            Fire/Tmut/Pois 18%          1%          3
 Mephitic Cloud           Conj/Pois/Air  31%          1%          3
 Ozocubu's Armour         Ice            60%          1%          3
 Summon Guardian Golem    Hex/Summ       53%          1%          3
 Hailstorm                Conj/Ice       59%          1%          4
 Ice Form                 Ice/Tmut       40%          1%          4
 Metabolic Englaciation   Hex/Ice        30%          1%          5
 Summon Mana Viper        Hex/Summ       53%          1%          5
 Yara's Violent Unravell  Hex/Tmut       19%          1%          5
 Ozocubu's Refrigeration  Ice            30%          1%          6
 Corpse Rot               Necr/Air       N/A          2%          2
 Sublimation of Blood     Necr           7%           2%          2
 Summon Lightning Spire   Summ/Air       29%          4%          4
 Summon Demon             Summ           22%          4%          5
 Freezing Cloud           Conj/Ice/Air   24%          4%          6
 Animate Dead             Necr           7%           16%         4
 Dispel Undead            Necr           14%          16%         4
 Petrify                  Tmut/Erth      14%          16%         4
 Simulacrum               Ice/Necr       20%          30%         6
 Agony                    Necr           14%          41%         5
 Borgnjor's Vile Clutch   Necr/Erth      7%           41%         5
 Excruciating Wounds      Necr           7%           41%         5
 Death Channel            Necr           7%           91%         6
 Ignition                 Fire           12%          100%        8
 Dragon's Call            Summ           22%          100%        9


Dungeon Overview and Level Annotations

Branches:
Dungeon (13/15)            Temple (1/1) D:6            Lair (6/6) D:8
 Shoals (0/4) Lair:3        Snake (0/4) Lair:2        Slime (0/5) Lair:5
    Orc (2/2) D:10            Elf (0/3) Orc:2         Sewer (visited)
Ossuary (visited)           IceCv (visited)
 Vaults: D:13-14

Altars:
Ashenzari
Cheibriados
Dithmenos
Elyvilon
Fedhas
Gozag
Hepliaklqana
Kikubaaqudgha
Makhleb
Nemelex Xobeh
Okawaru
Qazlal
Ru
Sif Muna
Trog
Uskayaw
Vehumet
Wu Jian
Xom
Yredelemnul
Zin
The Shining One
Jiyva

Shops:
D:4 =}   D:12 [

Annotations:
D:3 1 runed translucent door, exclusion: door, DearestLeader's ghost, amateur GnFi
D:10 2 transporters
D:13 1 exclusion, Jorgrun
Orc:2 Rupert


Message History

Casting: Summon Ice Beast (mildly dangerous; 1% risk of failure)
Confirm with . or Enter, or press ? or * to list all spells.
You don't have enough magic to cast that spell.
Unknown command.
Really walk into a travel-excluded area?
You escape the roots' grasp.
An orc comes into view.
The centaur warrior shoots an arrow.
You block the arrow. Jorgrun gestures at you while chanting.
Roots burst forth from the earth!
The grasping roots grab you!
* * * LOW HITPOINT WARNING * * *
The grasping roots constrict you.
You see here an arrow.
You feel much better.
The centaur warrior shoots an arrow.
The arrow hits you!
* * * LOW HITPOINT WARNING * * *
The orc wizard casts a spell.
The orc wizard blinks!
Jorgrun hits you with a +0 vorpal quarterstaff!
You die...

... . #.# ..
.###.# . ... /...#
.. .... ...##
##... .....##..#
#.!...
.........###......
.##..o@z#.......
.^......g(zz......
......####co......
##.#. #.l.o.... #
# #)..ยง...#
...##o..# ..##
#... ..# .## ..##
.


You could see Jorgrun (very poisoned), 3 skeletal warriors, a centaur warrior,
an orc warrior, an iguana, an orc wizard and 2 orcs.

Vanquished Creatures
  Kirke (D:12)
  Gastronok (Lair:2)
  An ettin (D:11)
  Josephine (D:13)
  3 hydras
  A boulder beetle (D:11)
  A catoblepas (Lair:4)
  A centaur warrior (D:13)
  2 two-headed ogres
  Urug (D:13)
  Sonja (Lair:2)
  A skeletal warrior (D:13)
  A deep troll (D:13)
  Pikel (D:4)
  An orc knight (Orc:1)
  5 oklob plants
  A manticore (D:11)
  8 ugly things
  2 cyclopes
  2 black mambas
  Maurice (D:8)
  6 elephants (Lair:4)
  3 ice statues (IceCv)
  2 gargoyles
  7 cane toads
  4 komodo dragons
  2 rime drakes (Lair:5)
  2 kobold demonologists (D:11)
  An efreet (D:11)
  A queen bee (D:10)
  5 trolls
  A polar bear (Lair:5)
  Grinder (D:4)
  5 blink frogs (Lair:5)
  A slime creature (shapeshifter) (D:11)
  5 dream sheep (Lair:5)
  A snapping turtle (Lair:3)
  Sigmund (D:4)
  A shadow (D:11)
  50 yaks
  6 hogs (D:12)
  5 wraiths
  6 wyverns
  A basilisk (Lair:5)
  2 steam dragons
  3 nagas (Lair:2)
  8 water moccasins
  Edmund (D:5)
  11 orc warriors
  13 ice beasts
  A sky beast (D:5)
  5 black bears
  2 eyes of draining
  2 phantoms
  5 ogres
  15 wolves
  A necrophage (D:11)
  A lemure (D:3)
  5 centaurs
  19 bullfrogs
  3 big kobolds
  A wyvern skeleton (D:12)
  4 scorpions
  40 killer bees
  15 wights
  A howler monkey (D:10)
  An electric eel (Lair:5)
  A centaur zombie (D:12)
  4 bullfrog zombies
  3 centaur skeletons
  4 jellies
  7 orc priests
  A bullfrog skeleton (D:11)
  5 hounds
  6 orc wizards
  3 iguanas
  2 hell rats (Lair:2)
  Natasha (thrice) (D:2)
  15 mummies (Ossuary)
  16 worker ants
  2 killer bee zombies (Ossuary)
  A hound zombie (D:11)
  A hound skeleton (D:4)
  5 worker ant zombies
  Robin (D:2)
  A howler monkey skeleton (D:5)
  8 gnolls
  8 river rats (Lair:2)
  17 adders
  A shadow imp (D:6)
  4 white imps
  An ufetubus (D:6)
  An ooze (D:4)
  2 worms
  3 dart slugs
  12 leopard geckos
  53 orcs
  9 bats
  5 giant cockroaches
  15 goblins
  5 hobgoblins
  11 jackals
  2 quokkas (D:3)
  9 ball pythons
  5 frilled lizards
  A giant cockroach zombie (D:5)
  A jackal zombie (Ossuary)
  28 kobolds
  A quokka zombie (Ossuary)
  9 rats
  2 fulminant prisms
607 creatures vanquished.

Vanquished Creatures (others)
  A centaur zombie (D:11)
  48 foxfires
  309 fulminant prisms
  69 fungi
  90 plants
  14 withered plants (Ossuary)
531 creatures vanquished.

Grand Total: 1138 creatures vanquished

Notes
Turn   | Place    | Note
-------+----------+-------------------------------------------
     0 | D:1      | KamiKatze the Merfolk Conjurer began the quest for the Orb.
     0 | D:1      | Reached XP level 1. HP: 13/13 MP: 3/3
   272 | D:1      | Reached XP level 2. HP: 19/19 MP: 3/5
   275 | D:1      | Learned a level 2 spell: Searing Ray
  1003 | D:2      | Reached XP level 3. HP: 24/24 MP: 3/6
  1225 | D:2      | Reached skill level 3 in Spellcasting
  1292 | D:2      | Noticed Natasha
  1297 | D:2      | Killed Natasha
  1298 | D:2      | Reached XP level 4. HP: 27/30 MP: 0/8
  1394 | D:2      | Noticed Natasha
  1399 | D:2      | Killed Natasha
  1607 | D:2      | Identified the +1 helmet "Destrew" {Str+3}
  1607 | D:2      | Noticed Robin
  1616 | D:2      | Killed Robin
  1620 | D:2      | Reached XP level 5. HP: 33/35 MP: 0/10
  1731 | D:2      | Noticed Natasha
  1737 | D:2      | Killed Natasha
  1913 | D:2      | Learned a level 4 spell: Fulminant Prism
  1918 | D:2      | Learned a level 4 spell: Iskenderun's Mystic Blast
  2324 | D:3      | Found a glowing drain.
  2355 | Sewer    | Entered a sewer
  2785 | Sewer    | Reached skill level 4 in Spellcasting
  3317 | D:3      | Reached XP level 6. HP: 41/41 MP: 6/12
  3541 | D:3      | Noticed DearestLeader's ghost (amateur GnFi)
  3545 | D:3      | Found a runed translucent door.
  4146 | D:4      | Reached skill level 1 in Shields
  4205 | D:4      | Found a shadowy altar of Dithmenos.
  4350 | D:4      | Found Capt's Gadget Boutique.
  4493 | D:4      | Noticed Sigmund
  4502 | D:4      | Killed Sigmund
  4503 | D:4      | Reached skill level 1 in Hexes
  4503 | D:4      | Reached skill level 1 in Translocations
  4503 | D:4      | Reached XP level 7. HP: 17/46 MP: 1/13
  4626 | D:4      | Found Daebeusm's Jewellery Shoppe.
  4889 | D:4      | Identified the Volume of Companions
  5367 | D:4      | Noticed Pikel
  5492 | D:4      | Noticed Grinder
  5502 | D:4      | Killed Grinder
  5503 | D:4      | Reached skill level 5 in Conjurations
  5503 | D:4      | Reached XP level 8. HP: 32/52 MP: 5/15
  5794 | D:4      | Killed Pikel
  5795 | D:4      | Reached skill level 5 in Spellcasting
  5956 | D:5      | Entered Level 5 of the Dungeon
  5956 | D:5      | Noticed Edmund
  6031 | D:5      | Found a bloodstained altar of Trog.
  6246 | D:5      | Killed Edmund
  6360 | D:5      | Reached XP level 9. HP: 57/57 MP: 12/17
  6657 | D:4      | Learned a level 3 spell: Gell's Gravitas
  6951 | D:5      | Reached skill level 5 in Hexes
  7844 | D:6      | Found a sand-covered staircase.
  7849 | Ossuary  | Entered an ossuary
  9162 | D:6      | Reached skill level 6 in Spellcasting
  9162 | D:6      | Reached skill level 5 in Translocations
  9326 | D:6      | Found a blossoming altar of Fedhas.
  9523 | D:6      | Found a staircase to the Ecumenical Temple.
  9529 | Temple   | Entered the Ecumenical Temple
  9712 | Temple   | Became a worshipper of Vehumet
 10006 | D:7      | Reached skill level 1 in Fighting
 10367 | D:7      | Reached XP level 10. HP: 66/66 MP: 7/19
 11409 | D:7      | Reached * piety under Vehumet
 11409 | D:7      | Offered knowledge of Foxfire by Vehumet.
 11841 | D:8      | Found a staircase to the Lair.
 11899 | D:8      | Learned a level 1 spell: Foxfire
 12471 | D:8      | Noticed Maurice
 12518 | D:8      | Killed Maurice
 13048 | D:9      | Found a burning altar of Makhleb.
 13282 | D:9      | Reached skill level 7 in Spellcasting
 13640 | D:9      | Found an opulent altar of Gozag.
 13641 | D:9      | Found an ornate altar of the Wu Jian Council.
 13871 | D:10     | Entered Level 10 of the Dungeon
 13919 | D:10     | Offered knowledge of Shock by Vehumet.
 13920 | D:10     | Reached XP level 11. HP: 74/75 MP: 13/22
 13922 | D:10     | Reached ** piety under Vehumet
 14195 | D:10     | Found a transporter.
 14199 | D:10     | Found a viscous altar of Jiyva.
 14199 | D:10     | Noticed a glowing orange brain
 14675 | D:10     | Offered knowledge of Inner Flame by Vehumet.
 14817 | D:10     | Reached *** piety under Vehumet
 14907 | D:10     | Learned a level 3 spell: Frozen Ramparts
 14923 | D:10     | Found a staircase to the Orcish Mines.
 15091 | D:10     | Reached skill level 1 in Ice Magic
 15098 | D:10     | Reached skill level 8 in Spellcasting
 15294 | D:10     | Found a transporter.
 15313 | D:10     | Noticed a great orb of eyes
 15335 | D:10     | Offered knowledge of Static Discharge by Vehumet.
 15522 | Lair:1   | Entered Level 1 of the Lair of Beasts
 15538 | Lair:1   | You fall into a shaft and drop 1 floor!
 15685 | Lair:2   | Noticed Sonja
 15690 | Lair:2   | Killed Sonja
 15693 | Lair:2   | Noticed Gastronok
 17276 | Lair:2   | Reached **** piety under Vehumet
 17287 | Lair:2   | Offered knowledge of Irradiate by Vehumet.
 17289 | Lair:2   | Upgraded the game from 0.26.1-2-gb8aa6d0cf2 to
                  | 0.26.1-10-gdfb7c7de75
 17293 | Lair:2   | Reached XP level 12. HP: 81/81 MP: 12/24
 18106 | Lair:2   | Found a staircase to the Snake Pit.
 18295 | Lair:2   | Reached skill level 9 in Spellcasting
 18298 | Lair:2   | Reached skill level 5 in Ice Magic
 18459 | Lair:2   | Killed Gastronok
 18908 | Lair:3   | Noticed a seven-headed hydra
 18918 | Lair:3   | Killed a seven-headed hydra
 18925 | Lair:3   | Learned a level 4 spell: Summon Ice Beast
 19043 | Lair:3   | Reached skill level 10 in Spellcasting
 19112 | Lair:3   | Reached skill level 1 in Summonings
 19681 | Lair:3   | Found a staircase to the Shoals.
 19959 | Lair:4   | You fall into a shaft and drop 1 floor!
 20248 | Lair:4   | Upgraded the game from 0.26.1-10-gdfb7c7de75 to
                  | 0.26.1-11-gd32895ea62
 20567 | Lair:4   | Got a sparkling bone ring
 20571 | Lair:4   | Identified the ring of the Foremost Moons {*Corrode Will+
                  | Str+6 Dex+9} (You found it on level 4 of the Lair of
                  | Beasts)
 20616 | Lair:4   | Got a fine falchion
 20617 | Lair:4   | Identified the +4 falchion "Sahuzipra" {vorpal, rElec Str+4
                  | Dex+4} (You found it on level 4 of the Lair of Beasts)
 20699 | Lair:4   | Noticed a catoblepas
 21501 | Lair:4   | Killed a catoblepas
 21502 | Lair:4   | Reached XP level 13. HP: 65/88 MP: 5/27
 21912 | Lair:5   | Found a staircase to the Slime Pits.
 21913 | Lair:5   | Found a viscous altar of Jiyva.
 22251 | Lair:5   | Reached ***** piety under Vehumet
 22586 | Lair:5   | Offered knowledge of Fireball by Vehumet.
 22593 | Lair:5   | Learned a level 5 spell: Fireball
 23988 | Lair:6   | Entered Level 6 of the Lair of Beasts
 24232 | D:4      | Bought the ring of the Mage {Wiz Will++ Int+3} for 517 gold
                  | pieces
 24232 | D:4      | Found the ring of the Mage {Wiz Will++ Int+3}
 24820 | Orc:1    | Entered Level 1 of the Orcish Mines
 25049 | Orc:1    | Reached skill level 5 in Summonings
 25355 | Orc:1    | Found a frozen archway.
 25365 | IceCv    | Entered an ice cave
 26240 | Orc:1    | Reached skill level 10 in Hexes
 26362 | Orc:2    | Entered Level 2 of the Orcish Mines
 26362 | Orc:2    | Found a staircase to the Elven Halls.
 26366 | Orc:2    | Reached skill level 11 in Spellcasting
 26382 | Orc:2    | Noticed Rupert
 26905 | D:11     | Reached skill level 1 in Fire Magic
 26929 | D:11     | Reached XP level 14. HP: 96/96 MP: 6/29
 27182 | D:11     | Identified the amulet of Erycaifame {Reflect +Fly rF+++
                  | Dex-4 SH+5}
 28213 | D:11     | Identified the +6 plate armour of Dramatic Exits {Int+2
                  | Dex+2}
 28504 | D:12     | Noticed Kirke
 28511 | D:12     | Killed Kirke
 28512 | D:12     | Reached skill level 5 in Fighting
 28520 | D:12     | Offered knowledge of Starburst by Vehumet.
 28521 | D:12     | Reached skill level 10 in Ice Magic
 28924 | D:12     | Found a stormy altar of Qazlal.
 29270 | D:12     | Found Limnushrici's Antique Armour Emporium.
 29552 | D:12     | Bought a runed scarf for 256 gold pieces
 29579 | D:12     | Bought an embroidered robe for 118 gold pieces
 29621 | D:13     | Reached skill level 5 in Dodging
 29675 | D:13     | Noticed Josephine
 29828 | D:13     | Killed Josephine
 30114 | D:13     | Noticed Urug
 30128 | D:13     | Noticed Jorgrun
 30128 | D:13     | Killed Urug
 30131 | D:13     | Identified the cursed +1 arbalest of Lust {elec, *Corrode
                  | +Fly rF+++ Stlth+}
 30135 | D:13     | HP: 1/99 [Jorgrun/+0 vorpal quarterstaff (5)]
 30141 | D:13     | Slain by Jorgrun

Illustrated notes

Levels and vault maps discovered:
D:1:      evilmike_arrival_hilbert_curve, layout_loops_ring
D:2:      layout_loops_ring, uniq_robin, uniq_natasha
D:3:      layout_basic, gup_sewer_entry_bowl, hellmonk_ghost_happy_afterlife
D:4:      layout_loops_ring, serial_shops, nicolae_shop_stone, shop_fountains,
          hex_tiny, nicolae_dithmenos_the_darkroom, uniq_grinder, uniq_sigmund,
          uniq_pikel
D:5:      layout_loops_cross, nicolae_overflow_crystal_walls, uniq_edmund
D:6:      layout_loops_corners, old_standard_altar, minmay_temple_entry_trees,
          lightli_ossuary_entry_decrepit_ruins, amethyst_killhole,
          eino_small_chamber_without_monster
D:7:      layout_basic
D:8:      layout_loops_ring, grunt_lair_entry_orc_guard_hut, uniq_maurice
D:9:      layout_rooms, chequers_temple_overflow_statue_of_worship, basic_altar
D:10:     gammafunk_jiyva_shrine, layout_cave_pods, hiddenorc1_lemuel,
          special_room [special_room_bee], hangedman_fish_farm
D:11:     minmay_cut_squares, layout_basic
D:12:     layout_cave_pools, serial_shops, shop,
          nicolae_qazlal_style_of_elements, uniq_kirke
D:13:     layout_cave_pools, david_vaults_4, kennysheep_kite_vault,
          uniq_jorgrun, uniq_urug, uniq_josephine
Temple:   dpeg_five_rooms_temple
Lair:1:   layout_misc_corridors, chequers_serial_rivers_small_a
Lair:2:   layout_gridlike, minmay_snake_entry_guardpost_small,
          kennysheep_rathole, uniq_sonja, uniq_gastronok
Lair:3:   layout_cave_pods, minmay_shoals_entry_hut, grunt_megastairs_5
Lair:4:   layout_layer_cave, nicolae_quartered_pool_medium
Lair:5:   layout_regular_city, slime_altar_1, lookout_lair_type,
          gammafunk_lair_bear_cave, minmay_lair_oklob_chamber,
          infiniplex_staircase_pool_2
Lair:6:   hangedman_lair_tendril_chambers, layout_gridlike, wormcave,
          serial_bayou_shore_b
Orc:1:    layout_diamond_mine, portal_ice_cave_entry_pillars_1
Orc:2:    grunt_orc_tribal_feast, layout_caves, nicolae_orc_damp_corner,
          rock_pile, uniq_rupert, uniq_azrael

Skill      XL: |  1  2  3  4  5  6  7  8  9 10 11 12 13 14 |
---------------+-------------------------------------------+-----
Spellcasting   | 3 4 5 6 7 8 10 11 | 11.7
Conjurations   | 4 5 6 8 9 |  9.7
Shields        | 4 |  4.0
Hexes          | 1 2 4 6 8 9 10 | 10.0
Translocations | 1 2 3 5 6 7 8 |  8.0
Fighting       | 1 3 4 5 |  5.8
Ice Magic      | 4 8 9 10 | 10.2
Summonings     | 2 5 6 |  6.0
Dodging        | 3 5 |  5.5
Stealth        | 3 4 |  4.0
Fire Magic     | 1 2 |  2.0

Action                   |  1- 3 |  4- 6 |  7- 9 | 10-12 | 13-15 || total
-------------------------+-------+-------+-------+-------+-------++-------
Melee: Dagger            |     3 |    31 |       |       |       ||    34
       Short sword       |       |    23 |    39 |    45 |    15 ||   122
       Tailslap          |       |     1 |       |       |       ||     1
       Falchion          |       |       |       |       |    10 ||    10
 Cast: Magic Dart        |    40 |   114 |    70 |    61 |    19 ||   304
       Searing Ray       |     6 |    21 |    73 |    90 |    61 ||   251
       Fulminant Prism   |       |       |     3 |   125 |   183 ||   311
       Foxfire           |       |       |       |    18 |     8 ||    26
       Iskenderun's Myst |       |       |       |    26 |    72 ||    98
       Gell's Gravitas   |       |       |       |     3 |       ||     3
       Frozen Ramparts   |       |       |       |    11 |    12 ||    23
       Fireball          |       |       |       |       |    14 ||    14
       Summon Ice Beast  |       |       |       |       |     3 ||     3
Evoke: Wand              |       |       |       |     3 |       ||     3
  Use: Scroll            |       |     7 |    12 |    10 |     3 ||    32
       Potion            |       |       |       |     2 |     5 ||     7
 Stab: Distracted        |       |     1 |     1 |       |       ||     2
       Sleeping          |       |     2 |     1 |       |       ||     3
Armor: Robe              |       |    20 |    19 |    11 |     3 ||    53
       Leather armour    |       |       |       |     9 |    16 ||    25
Dodge: Dodged            |     4 |    64 |    88 |   119 |    90 ||   365
Block: Buckler           |       |       |    21 |    33 |    26 ||    80
       Rpst.: Falchion   |       |       |       |       |    13 ||    13
